AoeStats
← Blast123

Arena

506972360Analyzed
4v4 RM · 18d ago on Sep 16, 2026· 84m 56s· 8 players
Game mode
Random Map
Map size
Large (8 player)
Population
200
Speed
Normal
Resources
Standard
Victory
Conquest
Starting age
Dark Age
Ending age
Imperial Age
RankedLock teamsTeams togetherTeam positionsShared explorationLock speedFull tech treeHidden civsTurbo modeCheats
Victory
Defeat
🇵🇪 Bulgarians · Peru
752
+10
🇵🇪 Spanish · Peru
637
+15
🇵🇪 Goths · Peru
597
+16
🇵🇪 Teutons · Peru
565
+18
🇲🇽 Turks · Mexico
677
-18
🇺🇸 Celts · United States
676
-17
🇲🇽 Romans · Mexico
611
-15
🇨🇱 Malay · Chile
467
-9
TheJALH
12:11 Feudal Age
18:45 Castle Age
19:30 Horse Collar
19:40 Double-Bit Axe
20:43 Gold Mining
22:34 Wheelbarrow
21:48 Loom
23:56 Stone Mining
23:49 Crossbowman
24:42 Fletching
25:15 Padded Archer Armor
31:12 Town Watch
35:39 Hand Cart
35:55 Bodkin Arrow
36:15 Leather Archer Armor
37:52 Scale Barding Armor
38:14 Bow Saw
38:08 Heavy Plow
43:02 Ironclad
45:16 Imperial Age
46:08 Capped Ram
46:42 Gambesons
46:58 Squires
46:43 Arson
47:52 Stone Shaft Mining
47:49 Crop Rotation
48:22 Two-Man Saw
47:53 Ballistics
48:35 Chemistry
47:08 Elite Teutonic Knight
48:56 Guilds
49:17 Coinage
50:12 Pikeman
52:36 Ring Archer Armor
52:18 Forging
52:08 Scale Mail Armor
52:28 Chain Barding Armor
52:06 Halberdier
55:08 Banking
55:19 Masonry
55:20 Siege Engineers
67:56 Onager
70:59 Siege Onager
72:32 Iron Casting
72:12 Chain Mail Armor
72:32 Plate Barding Armor
72:53 Bloodlines
72:18 Elite Skirmisher
81:02 Blast Furnace
80:32 Plate Mail Armor
82:36 Spies/Treason
Dragonso :3
1:08 Loom
13:01 Feudal Age
13:44 Horse Collar
13:51 Double-Bit Axe
17:47 Stone Mining
23:47 Wheelbarrow
26:21 Castle Age
26:01 Scale Barding Armor
26:12 Forging
26:19 Bloodlines
26:05 Gold Mining
27:27 Husbandry
28:01 Chain Barding Armor
28:20 Bow Saw
33:03 Fletching
35:53 Redemption
37:23 Hand Cart
41:20 Stone Shaft Mining
43:34 Imperial Age
41:38 Inquisition
41:42 Pikeman
42:08 Gambesons
42:24 Squires
42:09 Arson
43:32 Man-at-Arms
46:00 Block Printing
45:58 Cavalier
46:48 Caravan
52:07 Murder Holes
52:01 Arrowslits
52:08 Elite Conquistador
53:21 Guilds
55:50 Paladin
57:01 Masonry
57:02 Fortified Wall
57:54 Chemistry
56:47 Guard Tower
58:43 Bodkin Arrow
59:24 Plate Barding Armor
59:26 Iron Casting
62:28 Architecture
62:34 Keep
70:00 Blast Furnace
69:01 Bracer
69:03 Padded Archer Armor
70:42 Coinage
72:12 Two-Man Saw
71:19 Town Watch
75:27 Leather Archer Armor
80:45 Banking
Blast123
11:45 Feudal Age
13:02 Horse Collar
13:13 Double-Bit Axe
23:18 Castle Age
23:30 Forging
23:22 Scale Mail Armor
25:45 Iron Casting
25:25 Chain Mail Armor
25:38 Heavy Plow
30:58 Wheelbarrow
31:11 Bow Saw
33:07 Coinage
32:38 Caravan
38:44 Imperial Age
36:32 Hand Cart
37:39 Scale Barding Armor
38:07 Gambesons
38:25 Squires
39:11 Ballistics
41:10 Bagains
40:59 Capped Ram
41:39 Loom
44:57 Town Watch
45:02 Elite Konnik
46:56 Blast Furnace
46:51 Crop Rotation
47:13 Plate Mail Armor
57:12 Onager
Oliverio Mayta
12:32 Feudal Age
15:07 Double-Bit Axe
19:37 Wheelbarrow
19:32 Man-at-Arms
20:29 Forging
29:03 Castle Age
27:42 Horse Collar
28:48 Gold Mining
28:53 Stone Mining
29:17 Long Swordsman
30:39 Iron Casting
30:35 Hand Cart
30:37 Bow Saw
30:31 Heavy Plow
32:41 Ballistics
32:44 Crossbowman
37:12 Stone Shaft Mining
36:31 Fletching
36:41 Scale Mail Armor
36:42 Padded Archer Armor
40:24 Imperial Age
42:07 Chemistry
41:24 Perfusion
44:00 Crop Rotation
44:33 Two-Man Saw
43:01 Two-Handed Swordsman
45:30 Champion
49:36 Elite Huskarl
50:31 Anarchy
61:44 Cavalier
HeadedCornet303
11:56 Feudal Age
12:54 Double-Bit Axe
12:51 Horse Collar
14:23 Gold Mining
18:22 Stone Mining
20:34 Castle Age
20:19 Forging
20:22 Loom
24:07 Man-at-Arms
26:05 Long Swordsman
35:56 Murder Holes
41:43 Gold Shaft Mining
42:01 Heavy Plow
42:29 Ballistics
42:32 Bow Saw
49:38 Caravan
50:20 Wheelbarrow
52:48 Imperial Age
53:09 Devotion
54:29 Iron Casting
54:31 Fletching
55:07 Bodkin Arrow
55:17 Padded Archer Armor
56:39 Two-Man Saw
55:23 Elite Janissary
67:00 Conscription
mecofundiyo
2:14 Loom
13:56 Feudal Age
14:25 Horse Collar
14:37 Gold Mining
14:34 Double-Bit Axe
15:46 Wheelbarrow
14:57 Town Watch
15:06 Stone Mining
17:16 Forging
23:19 Castle Age
22:11 Scale Mail Armor
25:11 Caravan
26:12 Hand Cart
26:13 Bow Saw
27:47 Squires
29:40 Gold Shaft Mining
29:22 Man-at-Arms
31:00 Town Patrol
31:25 Long Swordsman
33:38 Chain Mail Armor
33:59 Iron Casting
45:58 Imperial Age
46:38 Pikeman
49:41 Heavy Plow
54:40 Crop Rotation
57:17 Legionary
59:07 Blast Furnace
57:30 Capped Ram
59:28 Halberdier
60:41 Siege Ram
61:46 Conscription
Burger King
1:03 Loom
18:11 Feudal Age
18:36 Horse Collar
19:38 Wheelbarrow
18:51 Double-Bit Axe
19:13 Gold Mining
20:08 Stone Mining
24:06 Castle Age
23:42 Fletching
23:46 Town Watch
24:45 Forging
24:37 Scale Mail Armor
25:05 Bow Saw
24:57 Heavy Plow
27:48 Stone Shaft Mining
29:09 Hand Cart
29:38 Gold Shaft Mining
29:50 Town Watch
30:05 Bodkin Arrow
31:38 Iron Casting
31:19 Chain Mail Armor
37:08 Imperial Age
35:42 Fortified Wall
36:41 Treadmill Crane
39:18 Caravan
40:24 Plate Mail Armor
40:21 Conscription
40:09 Man-at-Arms
40:36 Arson
40:37 Gambesons
42:14 Blast Furnace
43:28 Ballistics
44:10 Chemistry
42:52 Elite Woad Raider
42:59 Long Swordsman
46:15 Furor Celtica
46:37 Heavy Scorpion
47:01 Two-Handed Swordsman
48:18 Masonry
48:57 Heated Shot
49:11 Padded Archer Armor
50:02 Murder Holes
53:41 Champion
55:14 Capped Ram
56:56 Siege Ram
62:52 Pikeman
63:42 Halberdier
66:11 Siege Engineers
70:01 Arrowslits
maximo.cmd
2:12 Loom
11:11 Feudal Age
16:39 Double-Bit Axe
16:48 Horse Collar
19:59 Wheelbarrow
23:33 Gold Mining
23:33 Stone Mining
27:32 Castle Age
27:40 Husbandry
27:36 Crossbowman
28:21 Thumb Ring
27:40 Man-at-Arms
27:41 Pikeman
28:21 Squires
41:52 Long Swordsman
42:19 Arson
47:43 Hand Cart
54:10 Gold Shaft Mining
74:12 Forging
74:03 Padded Archer Armor
73:54 Fletching
Connection lost

Rejoining the realm…

Still unreachable

The connection could not be restored.

Session expired

The server has moved on; the page needs a fresh start.